 Dungeon Crawl Stone Soup version 0.29-a0-821-g66395355a5 (webtiles) character file.

Game seed: 10682653180001961509

11301 zeratav the Transmogrifier (level 11, -4/78 HPs)
             Began as an Octopode Venom Mage on July 7, 2022.
             Was an Initiate of Gozag.
             Slain by a yak (6 damage)
             ... on level 11 of the Dungeon.
             The game lasted 00:33:24 (15940 turns).

zeratav the Transmogrifier (Octopode Venom Mage)   Turns: 15940, Time: 00:33:25

Health: -4/78      AC:  1    Str:  9    XL:     11   Next: 75%
Magic:  27/27      EV: 23    Int: 21    God:    Gozag
Gold:   2025       SH:  0    Dex: 20    Spells: 10/20 levels left

rFire   + . .      SeeInvis .   t - +1 dagger (flame) {short}
rCold   . . .      Faith    .   (no shield)
rNeg    . . .      Spirit   .   (helmet restricted)
rPois   .          Reflect  .   N - amulet of the acrobat
rElec   .          Harm     .   l - ring of willpower
rCorr   +          Rampage  .   v - ring of resist corrosion
Will    +....                   A - +4 ring of evasion
Stlth   ++++......              y - +6 ring of dexterity
HPRegen 0.23/turn               g - ring of Imuwiddo {Fly rF+ MP+9 Dex+2 Slay+3}
MPRegen 0.20/turn               (no ring)
                                (no ring)
                                (no ring)

@: about to teleport, flying
A: almost no armour, amphibious, 8 rings, camouflage 1, gelatinous body 1,
(nimble swimmer 1), tentacles
a: Renounce Religion, Potion Petition, Call Merchant, Bribe Branch


You were on level 11 of the Dungeon.
You worshipped Gozag.
Gozag was most pleased with you.
You visited 2 branches of the dungeon, and saw 12 of its levels.
You also visited: Ossuary.

You collected 2087 gold pieces.
You paid 62 gold pieces to Gozag.


Innate Abilities, Weirdness & Mutations

You cannot wear most types of armour.
You are amphibious.
You can wear up to eight rings at the same time.
Your skin changes colour to match your surroundings (Stealth+).
Your rubbery body absorbs attacks. (AC +1, EV +1)
((You are camouflaged when in or above water. (Stealth+)))
You have tentacles for arms and can constrict up to eight enemies at once.


   Skills:
 + Level 8.6 Fighting
 + Level 8.6 Dodging
 - Level 5.0 Stealth
 - Level 5.0 Spellcasting
 - Level 10.0 Transmutations
 - Level 4.0 Fire Magic
 - Level 9.0 Poison Magic


You had 10 spell levels left.
You knew the following spells:

 Your Spells              Type           Power      Damage    Failure   Level
a - Sting                 Tmut/Pois      100%       1d8       1%          1
b - Poisonous Vapours     Pois/Air       48%        N/A       2%          2
c - Olgreb's Toxic Radia  Pois           43%        N/A       2%          4
d - Ignite Poison         Fire/Tmut/Pois 37%        N/A       1%          3

Your spell library contained the following spells:

 Spells                   Type           Power      Damage    Failure   Level
 Beastly Appendage        Tmut           94%        N/A       1%          1
 Wereblood                Tmut           47%        N/A       1%          2
 Spider Form              Tmut/Pois      45%        N/A       1%          3
 Alistair's Intoxication  Tmut/Pois      30%        N/A       6%          5
 Mephitic Cloud           Conj/Pois/Air  17%        N/A       10%         3
 Conjure Flame            Conj/Fire      13%        6-21      14%         3
 Dazzling Flash           Conj/Hex       10%        N/A       32%         3
 Eringya's Noxious Bog    Tmut/Pois      22%        N/A       32%         6
 Sticky Flame             Conj/Fire      13%        2d4       43%         4
 Agony                    Necr           5%         N/A       96%         5
 Borgnjor's Vile Clutch   Necr/Erth      2%         N/A       96%         5
 Silence                  Hex/Air        2%         N/A       96%         5

Inventory:

Hand Weapons
 t - a +1 dagger of flaming (weapon) {short}
   (You took it off a kobold on level 4 of the Dungeon)
 D - the +0 war axe of Jocular Action {freeze, rElec rPois Int-2 Dex+6, axe}
   (You found it on level 6 of the Dungeon)

   It freezes those it strikes, dealing additional cold damage.
   It can also slow down cold-blooded creatures.
   Int:       It affects your intelligence (-2).
   Dex:       It affects your dexterity (+6).
   rElec:     It insulates you from electricity.
   rPois:     It protects you from poison.
Armour
 s - a +0 tower shield
   (You found it on level 3 of the Dungeon)
 I - a +2 kite shield
   (You took it off a gnoll sergeant on level 8 of the Dungeon)
Jewellery
 g - the ring of Imuwiddo (on tentacle) {Fly rF+ MP+9 Dex+2 Slay+3}
   (You acquired it on level 7 of the Dungeon)

   [ring of magical power]

   Dex:       It affects your dexterity (+2).
   Slay:      It affects your accuracy & damage with ranged weapons and melee
   (+3).
   rF:        It protects you from fire.
   MP:        It affects your magic capacity (+9).
   Fly:       It grants you flight.
 l - a ring of willpower (left tentacle)
   (You found it on level 1 of the Dungeon)
 v - a ring of resist corrosion (right tentacle)
   (You found it on level 3 of the Dungeon)
 y - a +6 ring of dexterity (on tentacle)
   (You found it on level 5 of the Dungeon)
 A - a +4 ring of evasion (on tentacle)
   (You found it on level 5 of the Dungeon)
 N - an amulet of the acrobat (around mantle)
   (You found it on level 11 of the Dungeon)
Wands
 d - a wand of flame (15)
   (You found it on level 4 of the Dungeon)
 C - a wand of digging (3)
   (You found it on level 6 of the Dungeon)
 G - a wand of iceblast (9)
   (You found it on level 7 of the Dungeon)
 K - a wand of mindburst (8)
   (You took it off Maurice on level 8 of the Dungeon)
 M - a wand of charming (14)
   (You found it on level 8 of the Dungeon)
Scrolls
 a - 2 scrolls of summoning
 b - 3 scrolls of vulnerability {unknown}
 c - 4 scrolls of enchant armour
 i - 5 scrolls of enchant weapon
 j - 2 scrolls of immolation {!r!r}
 m - a scroll of magic mapping {!r}
 n - 2 scrolls of poison {!r}
 o - 5 scrolls of teleportation {@r4}
 p - 2 scrolls of torment {!r}
 w - a scroll of blinking {!r}
 B - 2 scrolls of identify {@r1}
 J - 2 scrolls of fog {unknown}
 L - 3 scrolls of amnesia {unknown}
 O - a scroll of silence {unknown}
Potions
 e - a potion of degeneration {unknown}
 f - 3 potions of curing {@q1}
 h - 7 potions of mutation {!q}
 k - 4 potions of brilliance {unknown}
 q - 2 potions of lignification {unknown}
 r - 3 potions of might {unknown}
 u - 3 potions of haste {unknown}
 x - a potion of cancellation {unknown}
 z - 5 potions of attraction {unknown}
 E - 9 potions of berserk rage {!q}
 F - a potion of heal wounds {unknown}
 H - 2 potions of magic

Dungeon Overview and Level Annotations

Branches:
Dungeon (11/15) Zot: 26164  Temple (1/1) D:6 Zot: 5842    Lair (0/6) D:9
Ossuary (visited)
    Orc: D:9-12

Altars:
Ashenzari
Cheibriados
Dithmenos
Elyvilon
Fedhas
Gozag
Hepliaklqana
Kikubaaqudgha
Makhleb
Nemelex Xobeh
Okawaru
Qazlal
Ru
Sif Muna
Trog
Uskayaw
Vehumet
Wu Jian
Xom
Yredelemnul
Zin
The Shining One

Portals:
Trove: D:10 (show slimy rune of Zot)

Annotations:
D:4 2 transporters, zeratav's ghost, novice OpVM
D:5 exclusions: jelly and phantom
D:7 exclusions: downstairs and 3 wights
D:9 exclusion: 4 doors

#########
#ooYg...#
#.⌠@YY⌠.#
#?gYYl..#
#..goggo.>#
#.#..g....#
# #.⌠.⌠.⌠.#
#.......#
######### $


You could see 5 yaks, a gnoll sergeant, 5 gnolls, a friendly orc warrior
(summoned), a friendly wyvern (summoned), a friendly orc priest (summoned), a
friendly orc wizard (summoned, wandering) and a friendly orc (summoned).


Message History

You kill the boulder beetle!
MP[-2]
You lost 2 mp, and now have 13/27 mp.
You now have 1997 gold pieces (gained 13).
You start resting.
Your magical contamination has completely faded away.
An eight-headed hydra is nearby!
MP[+13]
You regained 13 mp, and now have 26/27 mp.
The eight-headed hydra roars!
As you read the scroll of teleportation {@r4}, it crumbles to dust.
You feel strangely unstable.
MP[+1]
Your mp is fully restored (27).
Your surroundings suddenly seem different.
The fire dragon roars deafeningly!
You see here 16 gold pieces.
You now have 2013 gold pieces (gained 16).
The fire dragon breathes flames at you. The blast of flame hits you!
You resist.
You see here 12 gold pieces.
HP[-12]
You take 12 damage, and now have 66/78 hp.
You now have 2025 gold pieces (gained 12).
The fire dragon bites you! The fire dragon completely misses you.
The fire dragon barely misses you.
HP[-7]
You take 7 damage, and now have 59/78 hp.
The fire dragon attacks as you move away!
The fire dragon closely misses you. The fire dragon barely misses you.
The fire dragon completely misses you.
You see here a scroll of teleportation {@r4}.
HP[+1]
o - 6 scrolls of teleportation {@r4} (gained 1)
The fire dragon closely misses you. The fire dragon misses you.
The fire dragon tramples you.
You are shoved backwards!
HP[-6]
You take 6 damage, and now have 54/78 hp.
The fire dragon completely misses you. x3
You see here a scroll of teleportation {@r4}.
o - 7 scrolls of teleportation {@r4} (gained 1)
The fire dragon bites you. The fire dragon barely misses you.
The fire dragon tramples you!
* * * LOW HITPOINT WARNING * * *
You hold your ground!
HP[-17]
You take 17 damage, and now have 37/78 hp.
MASSIVE DAMAGE!! (PAUSE)
As you read the scroll of teleportation {@r4}, it crumbles to dust.
You feel strangely unstable. The fire dragon barely misses you.
The fire dragon misses you. x2
HP[+1]
The fire dragon breathes flames at you. The blast of flame misses you.
You see here a scroll labelled PINAGE WAUGAUPN.
O - a scroll labelled PINAGE WAUGAUPN The fire dragon misses you.
The fire dragon claws you.
* * * LOW HITPOINT WARNING * * *
The fire dragon tramples you.
* * * LOW HITPOINT WARNING * * *
You are shoved backwards!
HP[-8]
You take 8 damage, and now have 30/78 hp.
The fire dragon breathes flames at you. The blast of flame misses you.
You see here a scroll of torment {!r}.
The fire dragon attacks as you move away!
The fire dragon completely misses you. The fire dragon claws you.
* * * LOW HITPOINT WARNING * * *
The fire dragon barely misses you.
Your surroundings suddenly seem different. 5 yaks, a gnoll sergeant and 5 gnolls come into view.
Found a scroll labelled CIESIP FIOVVEV.
Found a stone staircase leading down.
The gnoll shouts!
The yak bellows! x2; The gnoll sergeant shouts!
The yak bellows!
The gnoll shouts!
The yak bellows!
The gnoll shouts! x2
The gnoll misses you. The gnoll completely misses you.
The gnoll sergeant completely misses you.
HP[-5]
You take 5 damage, and now have 25/78 hp.
As you read the scroll of summoning, it crumbles to dust.
Wisps of shadow whirl around you...
The gnoll hits you from afar with a +0 halberd.
* * * LOW HITPOINT WARNING * * *
The gnoll misses you.
The gnoll sergeant hits you from afar with a +0 spear.
* * * LOW HITPOINT WARNING * * *
The yak barely misses you. The yak barely misses your wyvern.
The yak completely misses you.
HP[-6]
You take 6 damage, and now have 19/78 hp.
As you read the scroll of teleportation {@r4}, it crumbles to dust.
You feel strangely unstable.
Your wyvern bites the yak.
The gnoll hits you from afar with a +0 halberd!
* * * LOW HITPOINT WARNING * * *
The gnoll closely misses you.
The gnoll sergeant completely misses you.
The yak barely misses you. The yak gores you.
You die...
Your body crumbles into a pile of gold.

Skill      XL: |  1  2  3  4  5  6  7  8  9 10 11 |
---------------+----------------------------------+-----
Stealth        | 3 4 5 |  5.0
Poison Magic   | 4 6 8 9 |  9.0
Fire Magic     | 4 |  4.0
Fighting       | 4 6 8 |  8.6
Dodging        | 4 7 8 |  8.6
Transmutations | 3 5 7 10 | 10.0
Spellcasting   | 5 |  5.0

Action                   |  1- 3 |  4- 6 |  7- 9 | 10-12 || total
-------------------------+-------+-------+-------+-------++-------
Melee: Dagger            |    38 |    33 |    48 |    66 ||   185
       Unarmed           |     4 |       |       |       ||     4
       Constrict         |    10 |    10 |    13 |    12 ||    45
       Tentacles         |    10 |    11 |    12 |    14 ||    47
       Punch             |       |       |       |     1 ||     1
 Cast: Sting             |    41 |    17 |    11 |    13 ||    82
       Poisonous Vapours |       |    41 |    43 |    52 ||   136
       Olgreb's Toxic Ra |       |     6 |    32 |    29 ||    67
       Ignite Poison     |       |       |    24 |    43 ||    67
Evoke: Wand              |       |       |     3 |       ||     3
  Use: Scroll            |       |       |    11 |     9 ||    20
       Potion            |       |       |     1 |       ||     1
 Stab: Sleeping          |     6 |       |     6 |     4 ||    16
       Distracted        |       |       |     1 |     6 ||     7
Armor: Skin              |     5 |     1 |     5 |     3 ||    14
Dodge: Dodged            |    32 |    23 |    59 |   102 ||   216

Levels and vault maps discovered:
D:1:      shiori_arrival_whats_in_store_for_you, layout_basic
D:2:      layout_loops_corners, kennysheep_generic_room_15
D:3:      layout_basic, elyvilon_altar_5, nicolae_sif_muna_condensation,
          saegor_snake_ambush, uniq_sigmund
D:4:      layout_cave_pods, gammafunk_ghost_arena, chequers_jeans
D:5:      layout_gridville, xom_redecorated, mainiacjoe_overflow_24_doors,
          mainiacjoe_overflow_small_starburst
D:6:      layout_loops_cross, okawaru_altar_gauntlet_db,
          lemuel_temple_firewalk_a, uniq_duvessa
D:7:      layout_loops_ring, uniq_crazy_yiuf_cottage
D:8:      layout_basic, kennysheep_mini_moat, gup_ossuary_entry_pyramid,
          uniq_grum, uniq_maurice
D:9:      layout_cave_pools, hangedman_ru_absence, mainiacjoe_overflow_brackets,
          david_lair_generic, kennysheep_cross_room, roderic_batcave
D:10:     layout_gridville, gammafunk_temple_overflow_claw,
          nicolae_trove_entry_columns, lemuel_old_faithful
D:11:     dragon1_lemuel, layout_gridville, hiddenorc1_lemuel, serial_shops,
          nicolae_take_the_stairs, portal_ice_cave_entry_animals_and_master,
          grunt_ministairs_3, corexii_leaking_fountain
Temple:   hellmonk_temple_flake

Notes
Turn   | Place    | Note
-------+----------+-------------------------------------------
     0 | D:1      | zeratav the Octopode Venom Mage began the quest for the
                  | Orb.
     0 | D:1      | Reached XP level 1. HP: 11/11 MP: 3/3
     0 | D:1      | Noticed a yellow draconian
     0 | D:1      | Noticed a tentacled monstrosity
     0 | D:1      | magus.rc [v1.9.6]
     1 | D:1      | Noticed an orb of fire
     2 | D:1      | Noticed a large abomination
     4 | D:1      | Noticed an iron dragon
     4 | D:1      | Noticed a yellow draconian
     6 | D:1      | Noticed an ice dragon
     9 | D:1      | Noticed an iron dragon
    11 | D:1      | Noticed an orb of fire
    11 | D:1      | Noticed a purple draconian
    14 | D:1      | Noticed a large abomination
    18 | D:1      | Noticed a large abomination
    20 | D:1      | Noticed an ice dragon
    20 | D:1      | Noticed a tentacled monstrosity
    22 | D:1      | Noticed a shadow dragon
   175 | D:1      | Reached skill level 3 in Stealth
   547 | D:1      | Reached skill level 4 in Poison Magic
   547 | D:1      | Reached XP level 2. HP: 17/17 MP: 5/5
   717 | D:1      | You pick up a book of Changes and begin reading...
   717 | D:1      | You add the spells Beastly Appendage, Wereblood and Spider
                  | Form to your library.
   974 | D:1      | You add the spells Alistair's Intoxication, Borgnjor's Vile
                  | Clutch and Eringya's Noxious Bog to your library.
  1095 | D:1      | Reached XP level 3. HP: 21/21 MP: 6/6
  1142 | D:1      | Reached skill level 4 in Stealth
  1837 | D:2      | You add the spells Conjure Flame, Ignite Poison and Sticky
                  | Flame to your library.
  1854 | D:2      | Learned a level 2 spell: Poisonous Vapours
  2668 | D:3      | Found a shimmering blue altar of Sif Muna.
  2795 | D:3      | Reached XP level 4. HP: 17/27 MP: 7/7
  2933 | D:3      | Noticed Sigmund
  3059 | D:3      | HP: 6/27 [Sigmund/puff of flame (11)]
  3075 | D:3      | Killed Sigmund
  3076 | D:3      | Reached skill level 5 in Stealth
  3076 | D:3      | Reached skill level 6 in Poison Magic
  3076 | D:3      | Reached XP level 5. HP: 9/31 MP: 3/8
  3435 | D:3      | Reached XP level 6. HP: 36/36 MP: 2/9
  3622 | D:3      | Reached skill level 7 in Poison Magic
  3774 | D:3      | Found a white marble altar of Elyvilon.
  4163 | D:4      | Learned a level 4 spell: Olgreb's Toxic Radiance
  5084 | D:4      | Reached skill level 8 in Poison Magic
  5237 | D:4      | Noticed zeratav's ghost (novice OpVM)
  5294 | D:4      | Found a transporter.
  5297 | D:4      | Found a transporter.
  5638 | D:5      | Entered Level 5 of the Dungeon
  5671 | D:5      | Found an opulent altar of Gozag.
  5679 | D:5      | Became a worshipper of Gozag Ym Sagoz the Greedy
  5736 | D:5      | Found a hazy altar of Hepliaklqana.
  5771 | D:5      | Reached XP level 7. HP: 30/41 MP: 5/10
  5870 | D:5      | Learned a level 3 spell: Ignite Poison
  5884 | D:5      | You pick up a book of the Senses and begin reading...
  5884 | D:5      | You add the spells Dazzling Flash, Agony and Silence to
                  | your library.
  6151 | D:5      | Reached skill level 9 in Poison Magic
  6151 | D:5      | Reached skill level 1 in Fire Magic
  6372 | D:5      | Found a shimmering altar of Xom.
  6372 | D:5      | Found a shimmering altar of Xom.
  6788 | D:5      | Reached skill level 2 in Fire Magic
  7041 | D:5      | Reached skill level 3 in Fire Magic
  7313 | D:5      | Found a shimmering altar of Xom.
  7313 | D:5      | Found a shimmering altar of Xom.
  7315 | D:5      | Found a shimmering altar of Xom.
  7398 | D:5      | Reached skill level 4 in Fire Magic
  7398 | D:5      | Reached XP level 8. HP: 47/47 MP: 0/11
  7677 | D:5      | Reached skill level 1 in Fighting
  7789 | D:6      | Noticed Dowan
  7790 | D:6      | Noticed Duvessa
  7796 | D:6      | Killed Dowan
  7796 | D:6      | Killed Duvessa
  7797 | D:6      | Reached skill level 2 in Fighting
  7797 | D:6      | Reached skill level 3 in Dodging
  8046 | D:6      | Reached skill level 3 in Fighting
  8481 | D:6      | Identified the +0 war axe of Jocular Action {freeze, rElec
                  | rPois Int-2 Dex+6}
  8621 | D:6      | Found a staircase to the Ecumenical Temple.
  8760 | D:6      | Found an iron altar of Okawaru.
  8772 | D:6      | Reached skill level 4 in Dodging
  8942 | D:6      | Reached skill level 2 in Transmutations
  9118 | Temple   | Entered the Ecumenical Temple
  9308 | D:7      | Identified a scroll of acquirement
  9309 | D:7      | Acquired the ring of Imuwiddo {Fly rF+ MP+9 Dex+2 Slay+3}
  9399 | D:7      | Found a runed translucent door.
  9400 | D:7      | Noticed Crazy Yiuf
  9904 | D:7      | Reached skill level 4 in Fighting
  9904 | D:7      | Reached skill level 3 in Transmutations
 10001 | D:7      | Reached XP level 9. HP: 58/58 MP: 12/12
 10560 | D:7      | Reached skill level 5 in Dodging
 10701 | D:7      | Killed Crazy Yiuf
 10928 | D:8      | Noticed Maurice
 11038 | D:8      | Reached skill level 4 in Transmutations
 11039 | D:8      | Noticed Grum
 11048 | D:8      | Reached skill level 5 in Fighting
 11189 | D:8      | Killed Grum
 11190 | D:8      | Reached skill level 5 in Transmutations
 11473 | D:8      | Noticed a hornet
 11477 | D:8      | Killed a hornet
 11497 | D:8      | Reached skill level 6 in Fighting
 11497 | D:8      | Reached skill level 7 in Dodging
 11497 | D:8      | Reached XP level 10. HP: 67/69 MP: 4/13
 11499 | D:8      | Found a sand-covered staircase.
 11508 | Ossuary  | Entered an ossuary
 12058 | D:8      | Killed Maurice
 12059 | D:8      | Reached skill level 8 in Dodging
 12125 | D:8      | Reached skill level 7 in Fighting
 12544 | D:8      | Found a snail-covered altar of Cheibriados.
 12728 | D:9      | Reached skill level 8 in Fighting
 12785 | D:9      | Reached skill level 3 in Spellcasting
 13027 | D:9      | Found a sacrificial altar of Ru.
 13049 | D:9      | Reached skill level 4 in Spellcasting
 13427 | D:9      | Reached skill level 5 in Spellcasting
 13447 | D:9      | Found a bloodstained altar of Trog.
 13667 | D:9      | Found a staircase to the Lair.
 13979 | D:10     | Entered Level 10 of the Dungeon
 14044 | D:10     | Reached skill level 6 in Transmutations
 14216 | D:10     | Reached skill level 7 in Transmutations
 14216 | D:10     | Reached XP level 11. HP: 77/77 MP: 15/18
 14405 | D:10     | HP: 19/77 [wraith (14)]
 14700 | D:10     | Found a portal to a secret trove of treasure.
 14708 | D:10     | This trove requires the presence of the slimy rune of Zot
                  | to function. Show it the item?
 14975 | D:10     | Found an ancient bone altar of Kikubaaqudgha.
 14975 | D:10     | Found a glowing golden altar of the Shining One.
 14975 | D:10     | Found a stormy altar of Qazlal.
 15134 | D:11     | Found a frozen archway.
 15134 | D:11     | Noticed a cyclops
 15151 | D:11     | Killed a cyclops
 15152 | D:11     | Reached skill level 8 in Transmutations
 15277 | D:11     | Reached skill level 9 in Transmutations
 15485 | D:11     | Noticed a two-headed ogre
 15492 | D:11     | Killed a two-headed ogre
 15493 | D:11     | Reached skill level 10 in Transmutations
 15658 | D:11     | Noticed a two-headed ogre
 15666 | D:11     | Killed a two-headed ogre
 15759 | D:11     | Noticed an eight-headed hydra
 15793 | D:11     | Noticed a fire dragon
 15837 | D:11     | Noticed a boulder beetle
 15844 | D:11     | Killed a boulder beetle
 15939 | D:11     | HP: 19/78 [gnoll sergeant/+0 spear (4)]
 15940 | D:11     | HP: 2/78 [gnoll/+0 halberd[a gnoll sergeant] (17)]
 15940 | D:11     | Slain by a yak

Vanquished Creatures
  A boulder beetle (D:11)
  2 two-headed ogres (D:11)
  A cyclops (D:11)
  Maurice (D:8)
  A rime drake (D:11)
  A komodo dragon (D:10)
  2 polar bears (D:11)
  2 hornets
  Sigmund (D:3)
  17 yaks
  A wyvern (D:9)
  A basilisk (D:9)
  A wraith (D:10)
  A shadow (D:11)
  Grum (D:8)
  3 water moccasins
  Duvessa (D:6)
  An ice beast (D:8)
  2 orc warriors
  3 sky beasts
  2 black bears
  3 wolves
  2 centaurs
  5 kobold brigands
  A phantom (D:5)
  3 bullfrogs
  A gnoll sergeant (D:8)
  3 scorpions
  A wight (D:7)
  Dowan (D:6)
  15 killer bees
  A howler monkey (D:5)
  A vampire bat (D:9)
  2 hounds
  2 orc priests
  2 human zombies (Ossuary)
  3 jellies
  Crazy Yiuf (D:7)
  A gnoll bouda (D:9)
  3 iguanas
  5 orc wizards
  A hound zombie (Ossuary)
  5 mummies
  10 gnolls
  7 adders
  4 white imps
  3 ufetubi
  A worm (D:3)
  A dart slug (D:4)
  40 orcs
  14 ball pythons
  9 endoplasms
  2 giant cockroaches (D:1)
  A gnoll zombie (Ossuary)
  7 hobgoblins
  39 kobolds
  2 quokkas (D:1)
  11 bats
  6 frilled lizards
  7 goblins
  2 goblin zombies (Ossuary)
  2 hobgoblin zombies (Ossuary)
  A jackal zombie (Ossuary)
  A kobold zombie (Ossuary)
  2 rats (D:2)
  2 rat zombies (Ossuary)
282 creatures vanquished.

Vanquished Creatures (others)
  3 plants
3 creatures vanquished.

Grand Total: 285 creatures vanquished

Table legend:
 A = Non-vault XP
 B = Vault XP
 C = Vault XP percentage of total XP
 D = Non-vault monster count
 E = Vault monster count
 F = Vault count percentage of total count
                 A         B        C        D         E       F
            +---------+---------+-------+---------+---------+-------
      Total |   11764 |    4381 |  27.1 |     228 |      54 |  19.1
            +---------+---------+-------+---------+---------+-------
        D:1 |      40 |       0 |   0.0 |      26 |       0 |   0.0
        D:2 |      30 |       0 |   0.0 |      12 |       0 |   0.0
        D:3 |      15 |     246 |  94.3 |       7 |       3 |  30.0
        D:4 |     235 |       0 |   0.0 |      25 |       0 |   0.0
        D:5 |     751 |       0 |   0.0 |      14 |       0 |   0.0
        D:6 |     321 |     240 |  42.8 |      14 |       8 |  36.4
        D:7 |     635 |     158 |  19.9 |      23 |       2 |   8.0
        D:8 |    2638 |     802 |  23.3 |      41 |       4 |   8.9
        D:9 |    1379 |     820 |  37.3 |      37 |      13 |  26.0
       D:10 |    1870 |       0 |   0.0 |      21 |       0 |   0.0
       D:11 |    3850 |    1930 |  33.4 |       8 |       8 |  50.0
    Ossuary |       0 |     185 | 100.0 |       0 |      16 | 100.0
            +---------+---------+-------+---------+---------+-------

Illustrated notes

Table legend:
 A = Kills in this place as a percentage of kills in entire the game.
 B = Kills by you in this place as a percentage of kills by you in the entire game.
 C = Kills by friends in this place as a percentage of kills by friends in the entire game.
 D = Other kills in this place as a percentage of other kills in the entire game.
 E = Experience gained in this place as a percentage of experience gained in the entire game.
 F = Experience gained in this place divided by the number of levels of this place that you have seen.
                   A       B       C       D       E      F
               +-------+-------+-------+-------+-------+----------------------
         Total | 100.0 | 100.0 |   N/A |   N/A | 100.0 | 1241.9
       Dungeon |  94.3 |  94.3 |   N/A |   N/A |  98.9 | 1450.9
       Ossuary |   5.7 |   5.7 |   N/A |   N/A |   1.1 | 185.0
               +-------+-------+-------+-------+-------+----------------------

Table legend: (Time is in decaauts)
 A = Elapsed time spent in this place.
 B = Non-inter-level travel time spent in this place.
 C = Inter-level travel time spent in this place.
 D = Time resting spent in this place.
 E = Time spent auto-exploring this place.
 F = Levels seen in this place.
 G = Mean time per level.
                   A        B        C        D        E       F      G
               +--------+--------+--------+--------+--------+-----+--------+
         Total |  15966 |  15551 |    415 |   3802 |   8985 |  13 | 1228.2 |
       Dungeon |  15471 |  15067 |    404 |   3757 |   8705 |  11 | 1406.5 |
        Temple |    157 |    147 |     10 |      0 |    137 |   1 |  157.0 |
       Ossuary |    336 |    336 |      0 |     45 |    143 |   1 |  336.0 |
               +--------+--------+--------+--------+--------+-----+--------+

Top non-repeatable levels by time:
     D:5: 2149 daAuts
     D:7: 1896 daAuts
     D:3: 1536 daAuts
     D:1: 1529 daAuts
     D:4: 1516 daAuts
     D:6: 1359 daAuts
     D:9: 1357 daAuts
    D:10: 1155 daAuts
     D:8: 1083 daAuts
     D:2: 1053 daAuts
    D:11: 834 daAuts
 Ossuary: 336 daAuts
  Temple: 157 daAuts
